 Dungeon Crawl Stone Soup version 0.22-a0-419-g492bfec (webtiles) character file.

69685 4thArraOfDagon the Black Belt (level 14, -16/145 HPs)
             Began as a Demigod Warper on May 15, 2018.
             Demolished by a death yak (26 damage)
             ... while paralysed by a spriggan
             ... on level 5 of the Lair of Beasts.
             The game lasted 01:30:40 (18061 turns).

4thArraOfDagon the Black Belt (Demigod Warper)     Turns: 18061, Time: 01:30:41

Health: -16/145    AC:  7    Str: 14    XL:     14   Next: 50%
Magic:  27/30      EV:  1    Int: 29    God:
Gold:   4221       SH:  0    Dex: 13    Spells: 6/29 levels left

rFire    x . .     SeeInvis .     - Unarmed
rCold    + + +     Gourm    .   (shield currently unavailable)
rNeg     . . .     Faith    .   (armour currently unavailable)
rPois    +         Spirit   .   (helmet currently unavailable)
rElec    .         Reflect  .   (cloak currently unavailable)
rCorr    +         Harm     .   (gloves currently unavailable)
MR       +....                  (boots currently unavailable)
Stlth    +.........             l - amulet of regeneration
HPRegen  0.74/turn              d - ring of resist corrosion
MPRegen  0.22/turn              i - +4 ring of intelligence

@: paralysed, ice-form
A: large, clumsy 1, high mp 1
a: End Transformation


You were on level 5 of the Lair of Beasts.
You were not hungry.
You were a creature of crystalline ice.
You visited 3 branches of the dungeon, and saw 22 of its levels.
You also visited: Sewer.

You collected 4944 gold pieces.
You spent 723 gold pieces at shops.

Inventory:

Hand Weapons
 X - a +4 blowgun
Missiles
 F - 2 tomahawks of dispersal (quivered)
 Y - 17 curare-tipped needles
Armour
 k - a +0 pair of boots
 u - a +0 ring mail
 y - a +2 scale mail of magic resistance
 G - the +1 leather armour of Divine Intervention {SInv}
   (You bought it in a shop on level 9 of the Dungeon)

   It lets you see invisible.
 H - a +2 pair of boots (melded)
 M - the +4 ring mail of Integrity {rF- rC+ MR++ Int+4}
   (You found it on level 1 of the Lair of Beasts)

   It affects your intelligence (+4).
   It makes you vulnerable to fire.
   It protects you from cold.
   It affects your resistance to hostile enchantments.
 P - the +0 buckler of Eternity (melded) {rElec}
   (You bought it in a shop on level 13 of the Dungeon)

   It insulates you from electricity.
 Q - a +2 hat of see invisible (melded)
 S - a +1 cloak of poison resistance (melded)
 Z - a +1 troll leather armour (melded) {Snorg}
Jewellery
 d - a ring of resist corrosion (left front paw)
 i - a +4 ring of intelligence (right front paw)
 l - an amulet of regeneration (around neck)
 w - an uncursed ring of protection from fire
 A - an uncursed ring of see invisible
 C - an uncursed ring of magical power
 D - an uncursed ring of magical power
 N - an uncursed amulet of rage
 O - an uncursed ring of ice
Wands
 I - a wand of random effects (39)
 K - a wand of acid (17)
 R - a wand of iceblast (11)
 V - a wand of polymorph (28)
 W - a wand of digging (15)
Scrolls
 g - 2 scrolls of noise
 h - 7 scrolls of remove curse
 j - 9 scrolls of teleportation
 o - a scroll of summoning
 p - 2 scrolls of blinking
 q - 5 scrolls of identify
 B - a scroll of immolation
 U - 3 scrolls of fear
Potions
 a - a potion of invisibility
 b - 2 potions of curing
 c - 2 potions of lignification
 e - 5 potions of flight
 m - 4 potions of mutation
 s - 2 potions of might
 x - 3 potions of heal wounds
 E - 3 potions of agility
 J - 2 potions of brilliance
 L - 3 potions of haste
Comestibles
 f - 15 rations
 n - 6 chunks of flesh


   Skills:
 - Level 10.0 Fighting
   Level 2.0 Maces & Flails
 - Level 1.0 Throwing
 - Level 1.0 Armour
 + Level 7.3 Dodging
 - Level 4.0 Shields
 - Level 15.0 Unarmed Combat
 - Level 8.0 Spellcasting
 + Level 1.0 Charms
 + Level 1.0 Necromancy
 - Level 2.6 Translocations
 - Level 9.9 Transmutations
 - Level 6.0 Evocations


You had 6 spell levels left.
You knew the following spells:

 Your Spells              Type           Power        Failure   Level  Hunger
a - Blink                 Tloc           N/A          2%          2    None
b - Lesser Beckoning      Tloc           ####......   4%          3    None
c - Shroud of Golubria    Chrm/Tloc      ###.......   3%          2    None
d - Ice Form              Ice/Tmut       #####...     6%          4    #......
e - Blade Hands           Tmut           ######....   2%          5    ####...
f - Passage of Golubria   Tloc           N/A          16%         4    #......
g - Regeneration          Chrm/Necr      ###.......   9%          3    None

Your spell library contained the following spells:

 Spells                   Type           Power        Failure   Level  Hunger
 Confuse                  Hex            ##......     14%         3    None
 Teleport Other           Tloc           ####....     4%          3    None
 Tukima's Dance           Hex            ##......     14%         3    None
 Spider Form              Tmut/Pois      #####.....   1%          3    None
 Sticks to Snakes         Tmut           ######..     1%          2    None
 Ensorcelled Hibernation  Hex/Ice        ##....       7%          2    None
 Corona                   Hex            ##.....      4%          1    None
 Beastly Appendage        Tmut           ######       1%          1    None
 Dazzling Spray           Conj/Hex       ##....       14%         3    None
 Infusion                 Chrm           ###.         3%          1    None
 Song of Slaying          Chrm           ###.....     4%          2    None
 Spectral Weapon          Hex/Chrm       ##......     11%         3    None
 Gell's Gravitas          Tloc           ####......   4%          3    None


Dungeon Overview and Level Annotations

Branches:
Dungeon (15/15)            Temple (0/1) D:7            Lair (5/6) D:10
  Swamp (0/4) Lair:2          Orc (2/2) D:10            Elf (0/3) Orc:2
 Vaults (0/5) D:14
  Snake: Lair:2-4    Spider: Lair:2-4     Slime: Lair:5-6    Depths: D:15

Shops:
D:9 [   D:10 [   D:13 *[}[   Orc:2 }(=(:}=[*

Annotations:
D:2 1 runed door
D:3 Grinder
D:4 Tiareth's ghost, amateur TrEE
D:8 Erica; Tiareth's ghost, novice TrEE


Innate Abilities, Weirdness & Mutations

You have an increased reservoir of magic. (+10% MP)
((You have sharp toenails.))
You are clumsy. (Dex -2)


Message History

The death yak is moderately wounded.
Unknown command.
You punch the death yak! You freeze the death yak.
The death yak is heavily wounded.
The spriggan zaps a wand.
You resist with almost no effort.
It is a wand of paralysis (18).
The death yak gores you.
Unknown command.
You hit the death yak. You freeze the death yak.
The death yak is severely wounded.
The spriggan zaps a wand.
You suddenly lose the ability to move!
The death yak gores you but does no damage.
The death yak gores you!! x2
The death yak gores you.
* * * LOW HITPOINT WARNING * * *
The death yak gores you!!
* * * LOW HITPOINT WARNING * * *
The death yak gores you!
* * * LOW HITPOINT WARNING * * *
The death yak gores you!!
You die...

..... ...........< ....
#♣♣♣.^..♣...#.##. #..
#..♣......♣..#..####..
♣♣...P..P....♣..#..#.#.
.♣...................#..
........................
................♣P+.#...
.......YY....P..♣..##...
....P.##Y##....P...#.#P.
..... ...#..P....÷.....
.... #...#.............
... #%./#.............
.. #####........<.... ♣
...........P......
..........♣P...#..
.............P.....


You could see 2 death yaks.

Vanquished Creatures
  Saint Roka (Orc:2)
  Kirke (D:12)
  An orc warlord (Orc:2)
  A stone giant (Orc:2)
  A fire dragon (D:15)
  Snorg (Orc:2)
  Erolcha (D:11)
  Fannar (Lair:2)
  A hydra (Lair:2)
  A vault guard (D:14)
  2 centaur warriors
  A death knight (D:13)
  4 two-headed ogres
  Urug (D:12)
  A tengu warrior (D:13)
  A deep elf knight (D:15)
  5 skeletal warriors (D:12)
  2 deep trolls
  An unseen horror (D:10)
  Pikel (D:8)
  7 orc knights (Orc:2)
  3 orc sorcerers (Orc:1)
  3 deep elf magi
  5 ugly things (D:15)
  2 oklob plants (Lair:2)
  4 cyclopes
  2 manticores
  3 black mambas
  5 spiny frogs
  2 gargoyles
  A yaktaur (shapeshifter) (D:13)
  A kobold demonologist (D:15)
  2 komodo dragons (Lair:5)
  2 rime drakes
  7 trolls
  A tengu conjurer (D:13)
  A raiju (shapeshifter) (D:14)
  A blink frog (shapeshifter) (D:14)
  5 slime creatures (D:13)
  10 hippogriffs
  A raiju (Orc:2)
  3 blink frogs (Lair:3)
  A vampire (D:13)
  2 shadows
  37 yaks
  4 wraiths
  5 wyverns
  3 basilisks
  A human (D:8)
  5 hogs (D:12)
  A steam dragon (D:11)
  8 vampire mosquitoes
  4 hungry ghosts
  2 insubstantial wisps (D:11)
  6 wargs
  Duvessa (D:5)
  4 water moccasins
  53 orc warriors
  5 porcupines
  8 sky beasts
  A slave (D:8)
  2 ice beasts
  2 phantoms
  A black bear (D:10)
  13 ogres
  3 wolves (Lair:4)
  2 centaurs
  The ghost of Mgcat the Chiller, an amateur MfIE (D:3)
  7 crocodiles
  2 big kobolds
  A big kobold (shapeshifter) (D:14)
  11 bullfrogs
  A wyvern zombie (D:10)
  A gnoll sergeant (D:11)
  Dowan (D:5)
  6 scorpions
  18 killer bees
  12 wights
  6 howler monkeys
  4 crimson imps
  A bullfrog zombie (D:6)
  3 centaur zombies
  2 quasits
  8 jellies
  A gnoll shaman (D:10)
  11 orc priests
  9 hounds
  6 centaur skeletons
  3 iguanas
  20 orc wizards
  A merfolk siren (Sewer)
  10 worker ants
  A merfolk avatar (Sewer)
  A hound zombie (D:10)
  A hound skeleton (D:8)
  9 gnolls
  14 adders
  4 river rats (Sewer)
  2 shadow imps
  An adder zombie (D:8)
  An adder skeleton (D:6)
  A worm (D:3)
  7 leopard geckos
  88 orcs
  2 bat zombies (D:1)
  11 giant cockroaches
  5 goblins
  2 hobgoblins
  14 jackals
  8 quokkas
  4 ball pythons
  8 bats
  3 frilled lizards (Sewer)
  A jackal zombie (D:8)
  29 kobolds
  2 quokka skeletons
  19 rats
  2 plants
660 creatures vanquished.

Vanquished Creatures (collateral kills)
  A howler monkey (D:13)
1 creature vanquished.

Vanquished Creatures (others)
  A slave (D:8)
  4 fungi
  3 plants
8 creatures vanquished.

Grand Total: 669 creatures vanquished

Notes
Turn   | Place    | Note
-------+----------+-------------------------------------------
     0 | D:1      | 4thArraOfDagon the Demigod Warper began the quest for the Orb.
     0 | D:1      | Reached XP level 1. HP: 17/17 MP: 5/5
    68 | D:1      | Reached skill level 1 in Throwing
    87 | D:1      | Reached skill level 1 in Armour
   433 | D:1      | Reached XP level 2. HP: 24/24 MP: 7/7
   446 | D:1      | :O
   480 | D:1      | Gained mutation: You are clumsy. (Dex -2) [potion of mutation]
   480 | D:1      | Gained mutation: You have sharp toenails. [potion of mutation]
   569 | D:1      | nothing better than adlers attached to stairs
   644 | D:1      | suprisingly red stairs are safest here
   655 | D:2      | not
   947 | D:2      | lets face it
   948 | D:2      | magipi: adders everywhere
   956 | D:1      | Reached XP level 3. HP: 17/30 MP: 8/8
   971 | D:1      | 4thArraOfDagon: yea...
  1104 | D:2      | magipi: this is already a suspicious turncount :D
  1118 | D:2      | Learned a level 2 spell: Blink
  1614 | D:2      | Found a runed door.
  1795 | D:2      | 4thArraOfDagon: 5 adders on d:2
  1901 | D:3      | Reached XP level 4. HP: 36/40 MP: 3/9
  1904 | D:3      | 6
  1904 | D:3      | magipi: pretty ridicolous
  1964 | D:3      | Noticed Mgcat's ghost (amateur MfIE)
  1965 | D:3      | 4thArraOfDagon: 7
  1965 | D:3      | magipi: good xp! :D
  1965 | D:3      | Sergey: hey
  1965 | D:3      | 4thArraOfDagon: orc wizard with elect weapon, other stairs adder+wizard ghost
  1965 | D:3      | 4thArraOfDagon: heey
  2093 | D:3      | magipi: play grbe! :D
  2100 | D:3      | Killed Mgcat's ghost
  2100 | D:3      | Reached XP level 5. HP: 5/47 MP: 3/11
  2105 | D:2      | 4thArraOfDagon: I will clutch this one out fist!
  2258 | D:3      | Found a glowing drain.
  2297 | Sewer    | Entered a sewer
  2352 | Sewer    | Learned a level 3 spell: Lesser Beckoning
  2355 | Sewer    | Learned a level 2 spell: Shroud of Golubria
  2619 | Sewer    | Reached skill level 5 in Fighting
  3346 | D:3      | Found a glowing golden altar of the Shining One.
  3511 | D:3      | Noticed Grinder
  3588 | D:4      | Reached XP level 6. HP: 57/57 MP: 12/12
  3698 | D:4      | Found a sacrificial altar of Ru.
  3822 | D:4      | Found a bloodstained altar of Trog.
  4182 | D:4      | Noticed Tiareth's ghost (amateur TrEE)
  4245 | D:5      | Entered Level 5 of the Dungeon
  4262 | D:5      | Reached XP level 7. HP: 61/66 MP: 13/13
  4433 | D:5      | Noticed Dowan
  4440 | D:5      | Noticed Duvessa
  4853 | D:5      | Killed Duvessa
  4861 | D:5      | Killed Dowan
  4861 | D:5      | Reached XP level 8. HP: 77/78 MP: 14/14
  5162 | D:6      | Reached skill level 1 in Unarmed Combat
  5168 | D:6      | Learned a level 4 spell: Ice Form
  5208 | D:6      | Reached skill level 2 in Unarmed Combat
  5270 | D:6      | magipi: ice form? are we going unarmed?
  5346 | D:6      | Reached skill level 3 in Unarmed Combat
  5419 | D:6      | 4thArraOfDagon: I'm not sure yet
  5427 | D:6      | Found a glowing silver altar of Zin.
  5539 | D:6      | Reached skill level 4 in Unarmed Combat
  5762 | D:6      | :O
  5833 | D:7      | Found an ornate altar of the Wu Jian Council.
  6217 | D:7      | Reached skill level 10 in Fighting
  6217 | D:7      | Reached skill level 1 in Transmutations
  6296 | D:7      | Reached XP level 9. HP: 80/85 MP: 15/15
  6385 | D:7      | Found a staircase to the Ecumenical Temple.
  6419 | D:7      | Reached skill level 5 in Unarmed Combat
  6443 | D:7      | Got a crude buckler
  6616 | D:8      | Identified the cursed +0 buckler "Nimiet" {-Cast rF- Slay+5 Stlth+} (You took it off an orc on level 7 of the Dungeon)
  6654 | D:8      | magipi: wtf
  6734 | D:8      | Found a deep blue altar of Sif Muna.
  6764 | D:8      | Noticed Erica
  6922 | D:8      | Noticed Tiareth's ghost (novice TrEE)
  7048 | D:8      | Noticed Pikel
  7071 | D:8      | Killed Pikel
  7071 | D:8      | Reached skill level 6 in Unarmed Combat
  7079 | D:8      | Found a stormy altar of Qazlal.
  7260 | D:9      | Found an ancient bone altar of Kikubaaqudgha.
  7507 | D:9      | Found Umoot's Antique Armour Shop.
  7510 | D:9      | Bought a heavily runed leather armour for 161 gold pieces
  7520 | D:9      | Identified the +1 leather armour of Divine Intervention {SInv} (You bought it in a shop on level 9 of the Dungeon)
  7751 | D:8      | Found a viscous altar of Jiyva.
  7862 | D:9      | Noticed a two-headed ogre
  7881 | D:9      | Killed a two-headed ogre
  7881 | D:9      | Reached skill level 7 in Unarmed Combat
  7881 | D:9      | Reached skill level 5 in Transmutations
  7881 | D:9      | Reached XP level 10. HP: 20/93 MP: 19/19
  7955 | D:9      | Learned a level 5 spell: Blade Hands
  8114 | D:9      | Found an iron altar of Okawaru.
  8219 | D:9      | p0werm0de: gammafunk told me he will want to remove LRD wall destruction for next version!
  8242 | D:9      | p0werm0de: spread the news to all speedrunners
  8323 | D:10     | Entered Level 10 of the Dungeon
  8327 | D:10     | Nebukadnezar: no !
  8328 | D:10     | Noticed a two-headed ogre
  8334 | D:9      | p0werm0de: yes
  8399 | D:10     | p0werm0de: other devs might be against it tho
  8418 | D:10     | p0werm0de: so just an early warning from him
  8418 | D:10     | Nebukadnezar: no !!! <- 3 !!!
  8580 | D:10     | magipi: tht's bad for everyone who's doing tomb, not just speedrunners
  8695 | D:10     | Nebukadnezar: yes
  8695 | D:10     | Killed a two-headed ogre
  8734 | D:10     | Reached skill level 8 in Unarmed Combat
  8823 | D:10     | Noticed an unseen horror
  8844 | D:10     | Killed an unseen horror
  8890 | D:10     | Found a staircase to the Lair.
  8906 | D:10     | Found Wereff's Antique Armour Boutique.
  9004 | D:10     | magipi: is that shop completely blocked? dumb
  9201 | D:11     | Got a fabulously ornate robe
  9212 | D:11     | Identified the +2 robe of Hide-and-Seek {Str+5 Int-4} (You found it on level 11 of the Dungeon)
  9593 | D:11     | Reached XP level 11. HP: 97/99 MP: 15/22
  9595 | D:11     | Reached skill level 5 in Spellcasting
  9922 | D:12     | Reached skill level 9 in Unarmed Combat
 10046 | D:12     | Reached skill level 1 in Evocations
 10293 | D:12     | Noticed Urug
 10322 | D:12     | Killed Urug
 10388 | D:12     | Noticed a skeletal warrior
 10434 | D:12     | Killed a skeletal warrior
 10447 | D:12     | Noticed a skeletal warrior
 10452 | D:12     | Noticed Kirke
 10551 | D:11     | Noticed Erolcha
 10563 | D:11     | Killed Erolcha
 10679 | D:12     | Killed Kirke
 10679 | D:12     | Reached skill level 10 in Unarmed Combat
 10849 | D:13     | Noticed a centaur warrior
 10858 | D:13     | Found Cigolex's Assorted Antiques.
 10879 | D:13     | Bought a scroll labeled PUSYTO FURHAFU for 28 gold pieces
 10879 | D:13     | Bought a red potion for 25 gold pieces
 10879 | D:13     | Bought an embroidered hat for 196 gold pieces
 10879 | D:13     | Bought a scroll labeled KEYPSOHUATT for 28 gold pieces
 10994 | D:13     | Reached XP level 12. HP: 103/106 MP: 22/25
 11008 | D:13     | Killed a centaur warrior
 11027 | D:13     | Found Qamaus's Gadget Boutique.
 11114 | D:13     | Found Nene's Antique Armour Shoppe.
 11344 | D:13     | Found Xinysk Kydai's Armour Shop.
 11441 | D:13     | Noticed a death knight
 11452 | D:13     | Killed a death knight
 11452 | D:13     | Reached skill level 11 in Unarmed Combat
 11871 | D:13     | Bought a transparent buckler for 266 gold pieces
 11876 | D:13     | Identified the cursed +0 buckler of Eternity {rElec} (You bought it in a shop on level 13 of the Dungeon)
 12048 | D:14     | Thaneod: which wkisky you drink?
 12075 | D:14     | Thaneod: from Michael?
 12138 | D:14     | Thaneod: ?? blade_hands
 12139 | D:14     | XtahuaRules: blade hands[1/3]: A potent level 5 transmutation that grants a massive increase to unarmed damage but reduces spell success, melds gloves, weapons and shields. Base damage is 22 + UC. Does not stack with claws.
 12169 | D:14     | 4thArraOfDagon: William Peel
 12174 | D:15     | Entered Level 15 of the Dungeon
 12177 | D:15     | Reached skill level 1 in Shields
 12209 | D:15     | Reached skill level 5 in Evocations
 12228 | D:15     | Thaneod: blade is like statue form claws?
 12328 | D:15     | Noticed a fire dragon
 12343 | D:15     | Killed a fire dragon
 12485 | D:15     | HP: 3/106 [cyan ugly thing (13)]
 12486 | D:15     | Thaneod: wtf
 12565 | D:15     | Noticed an ettin
 12587 | D:15     | Noticed a four-headed hydra
 12816 | D:15     | Reached XP level 13. HP: 103/113 MP: 23/28
 12821 | D:15     | Reached skill level 12 in Unarmed Combat
 13051 | D:14     | Found a gate to the Vaults.
 13907 | D:10     | Found a staircase to the Orcish Mines.
 13912 | Orc:1    | Entered Level 1 of the Orcish Mines
 14014 | Orc:2    | Entered Level 2 of the Orcish Mines
 14014 | Orc:2    | Found Vicroil's Jewellery Shop.
 14078 | Orc:2    | Found Raruhebb's Armour Emporium.
 14297 | Orc:2    | Found a staircase to the Elven Halls.
 14298 | Orc:2    | Found Wiah's Antique Weapon Shoppe.
 14345 | Orc:2    | Found Ucrosex's Jewellery Shop.
 14400 | Orc:2    | Noticed an orc warlord
 14428 | Orc:2    | Killed an orc warlord
 14428 | Orc:2    | Reached skill level 13 in Unarmed Combat
 14544 | Orc:2    | Noticed a stone giant
 14586 | Orc:2    | Killed a stone giant
 14637 | Orc:2    | Noticed Saint Roka
 14639 | Orc:2    | WHY
 14641 | Orc:2    | Thaneod: ?? Saint_Roka
 14641 | Orc:2    | XtahuaRules: saint roka[1/2]: Unique orc who comes with a pack of more orcs, often including knights and sorcerers. Has the spell set of a Daeva (smite, smite, smite). Sometimes has a crossbow. Worth a huge amount of exp!
 14649 | Orc:2    | Killed Saint Roka
 14746 | Orc:2    | 4thArraOfDagon: %??saint roke
 14746 | Orc:2    | XtahuaRules: unknown monster: "saint roke"
 14746 | Orc:2    | 4thArraOfDagon: %??saint roka
 14746 | Orc:2    | XtahuaRules: Saint Roka (o)
                  | Spd:
    10 | HD: 18   | HP: 160-238
                  | AC/EV: 13/7
                  | Dam: 35
                  | natural, weapons, items, doors, fighter, priest, evil
                  | Res: magic(80)
                  | XP: 4987
                  | Sp: battlecry [!AM], smiting (7-17) [!AM]
                  | Sz: Medium
                  | Int: human.
 14902 | Orc:2    | Reached skill level 14 in Unarmed Combat
 15186 | Orc:2    | Found Ruryuh's Weapon Emporium.
 15186 | Orc:2    | Found Puicwe's Gadget Boutique.
 15399 | Orc:2    | Found a roughly hewn altar of Beogh.
 15407 | Orc:2    | Found Oddel's Book Boutique.
 15407 | Orc:2    | Found Ohueptih's Gadget Emporium.
 15491 | Orc:2    | Noticed Sonja
 15520 | Orc:2    | Noticed Sonja
 15520 | Orc:2    | Sonja changed into Sonja the raiju
 15525 | Orc:2    | Killed Sonja the raiju
 15587 | Orc:2    | Found Beuddure's Assorted Antiques.
 15594 | Orc:2    | Bought a scroll labeled REMUDE KEOCZO for 19 gold pieces
 15659 | Orc:2    | Noticed Snorg
 15670 | Orc:2    | Thaneod: ?? Snorg
 15671 | Orc:2    | XtahuaRules: snorg[1/2]: A hairy troll who hits hard in melee. Her berserk will outlast yours by far, so if you plan to run, you'll want to haste.
 15689 | Orc:2    | Killed Snorg
 15689 | Orc:2    | Reached XP level 14. HP: 63/121 MP: 25/30
 15704 | Orc:2    | Thaneod: %??Snorg
 15705 | Orc:2    | XtahuaRules: Snorg (T)
                  | Spd:
    10 | HD: 8    | HP: 77-113
                  | AC/EV: 0/10
                  | Dam: 20, 15(claw), 15(claw)
                  | doors, regen
                  | Res: magic(60)
                  | XP: 1133
                  | Sp: berserker rage [!AM, !sil]
                  | Sz: Large
                  | Int: human.
 15726 | Orc:2    | Learned a level 4 spell: Passage of Golubria
 16143 | Orc:1    | 4thArraOfDagon: ??vitality
 16143 | Orc:1    | XtahuaRules: amulet of vitality[1/1]: An amulet of regeneration that gives +15 HP. Formerly a ring in -0.15.
 16143 | Orc:1    | 4thArraOfDagon: dunno which one is better
 16257 | Lair:1   | Entered Level 1 of the Lair of Beasts
 16403 | Lair:1   | Reached skill level 15 in Unarmed Combat
 16625 | Lair:2   | Thaneod: hp
 16651 | Lair:2   | Thaneod: +10% HP and regen
 16734 | Lair:2   | Found a staircase to the Swamp.
 16826 | Lair:2   | Thaneod: ?? Ice_form
 16826 | Lair:2   | XtahuaRules: ice form[1/2]: +20% HP, rF-, rC+++, rPois. Makes you large, which will reduce EV (for human size and smaller races). Melds all armour, but gives 5-12 AC. 12+UC base damage with freezing brand. Players in ice form can float through water, but get no aquatic bonuses and can't reach submerged items. Found in Books of Changes and Ice, L4 ice/tmut.
 16854 | Lair:1   | Got a scorched ring mail
 16866 | Lair:1   | Identified the +4 ring mail of Integrity {rF- rC+ MR++ Int+4} (You found it on level 1 of the Lair of Beasts)
 16876 | Lair:1   | 4thArraOfDagon: ye
 16885 | Lair:2   | 4thArraOfDagon: I will take hp I guess
 16919 | Lair:2   | Thaneod: didn't know Ice form is soo nice too
 17019 | Lair:2   | Noticed Fannar
 17043 | Lair:2   | Killed Fannar
 17054 | Lair:2   | Identified 4 scrolls of acquirement
 17092 | Lair:2   | Got a faintly glowing brass amulet
 17108 | Lair:3   | Reached skill level 5 in Dodging
 17494 | Lair:4   | Identified the amulet "Golife" {Reflect rN+ Str+3 SH+6} (You acquired it on level 2 of the Lair of Beasts)
 17838 | Lair:4   | Learned a level 3 spell: Regeneration
 18015 | Lair:5   | Reached skill level 1 in Charms
 18015 | Lair:5   | Reached skill level 1 in Necromancy
 18057 | Lair:5   | Paralysed by a spriggan for 7 turns
 18061 | Lair:5   | Demolished by a death yak

Vault maps used:
D:1:      saegor_arrival_fortress
D:2:      first_ration, uniq_crazy_yiuf_cottage
D:3:      fedhas_altar_3, nicolae_tso_swordbearing_angel, gup_sewer_entry_glass,
          minmay_misc_feat_tower, uniq_grinder
D:4:      kennysheep_kobold_camp, lemuel_doored_altar, nicolae_ru_awakened_eye
D:5:      uniq_duvessa
D:6:      lemuel_crystal_altar
D:7:      overflow_temple_1_default, temple_pool_b, kennysheep_generic_room_11
D:8:      kennysheep_mini_moat, led_sif_pool, grunt_pizzeria, jiyva_altar_1,
          uniq_erica, uniq_pikel
D:9:      okawaru_trees_1, nicolae_overflow_hidden_temple, serial_shops,
          nicolae_shop_crystal
D:10:     lair_entry_dummy, orc_0_dummy, serial_shops, nicolae_shop_statue_plus
D:11:     hangedman_misty_isle, uniq_erolcha
D:12:     uniq_urug, uniq_kirke
D:13:     serial_shops, nicolae_shop_stone, shop, shop, nicolae_shop_trees,
          st_stairs_11
D:14:     david_vaults_4, corexii_leaking_fountain
D:15:     hangedman_depths_entry_civil_slaughter, minmay_gold_behind_fungi,
          st_stairs_8
Lair:2:   minmay_swamp_entry_reptiles, minmay_lair_oklob_chamber, uniq_fannar
Lair:3:   dummy_spider_entry, st_stairs_5, lemuel_fruit_fields
Lair:5:   grunt_forest_large_clearing_hut
Orc:2:    st_orc_town, serial_shops, nicolae_shop_overgrown_old_shop,
          nicolae_shop_waterfront, nicolae_shop_behind_doors, shop_coins, shop,
          uniq_sonja, uniq_snorg, uniq_saint_roka
Sewer:    sewer_sea

Skill      XL: |  1  2  3  4  5  6  7  8  9 10 11 12 13 14 |
---------------+-------------------------------------------+-----
Throwing       | 1 |  1.0
Armour         | 1 |  1.0
Fighting       | 2 3 4 5 7 9 10 | 10.0
Dodging        | 2 7 |  7.3
Maces & Flails | 2 |  2.0
Spellcasting   | 2 3 4 6 7 8 |  8.0
Unarmed Combat | 4 7 8 10 11 14 15 | 15.0
Transmutations | 1 5 7 9 |  9.9
Evocations     | 3 5 6 |  6.0
Shields        | 2 4 |  4.0
Charms         | 1 |  1.0
Necromancy     | 1 |  1.0
Translocations | |  2.6

Action                   |  1- 3 |  4- 6 |  7- 9 | 10-12 | 13-15 || total
-------------------------+-------+-------+-------+-------+-------++-------
Melee: Mace              |   113 |   190 |       |       |       ||   303
       Kick              |    10 |       |       |       |       ||    10
       Dagger            |       |   102 |   283 |   221 |       ||   606
       Flail             |       |       |    46 |       |       ||    46
       Halberd           |       |       |   189 |    50 |       ||   239
       Punch             |       |       |     1 |    19 |    15 ||    35
       Unarmed           |       |       |       |   420 |   678 ||  1098
Throw: Tomahawk          |     5 |     2 |       |       |       ||     7
 Cast: Blade Hands       |       |       |       |    52 |    60 ||   112
       Ice Form          |       |       |       |       |    15 ||    15
 Abil: End Transformatio |       |       |       |     7 |    49 ||    56
Evoke: Sack of spiders   |       |       |     1 |       |       ||     1
       Wand              |       |       |       |     9 |     4 ||    13
       Box of beasts     |       |       |       |     1 |       ||     1
  Use: Scroll            |     7 |     3 |     5 |    12 |    23 ||    50
       Potion            |     2 |     2 |     3 |       |     5 ||    12
 Stab: Sleeping          |     2 |       |       |       |     1 ||     3
       Confused          |       |       |       |     1 |       ||     1
  Eat: Chunk             |     3 |     8 |     8 |    27 |    23 ||    69
       Ration            |     1 |       |     2 |     1 |     2 ||     6
Armor: Leather armour    |    53 |    55 |       |       |       ||   108
       Ring mail         |       |    12 |    29 |       |       ||    41
       Scale mail        |       |       |   245 |    36 |       ||   281
       Troll leather arm |       |       |       |   137 |    88 ||   225
       Skin              |       |       |       |       |    26 ||    26
Dodge: Dodged            |   135 |   154 |   333 |   353 |   280 ||  1255
Block: Buckler           |       |       |       |     1 |     8 ||     9

Table legend:
 A = Spawn XP
 B = Non-spawn XP
 C = Spawn XP percentage of total XP
 D = Spawn monster count
 E = Non-spawn monster count
 F = Spawn count percentage of total count
 G = Total turns spent on level
                    A         B        C        D         E        F      G
               +---------+---------+-------+---------+---------+-------+---------
         Total |       0 |   99550 |   0.0 |       0 |     658 |   0.0 | 18061
               +---------+---------+-------+---------+---------+-------+---------
           D:1 |       0 |      48 |   0.0 |       0 |      14 |   0.0 |   991
           D:2 |       0 |      71 |   0.0 |       0 |      16 |   0.0 |  1140
           D:3 |       0 |     157 |   0.0 |       0 |      15 |   0.0 |   417
           D:4 |       0 |     434 |   0.0 |       0 |      31 |   0.0 |   828
           D:5 |       0 |     994 |   0.0 |       0 |      20 |   0.0 |   692
           D:6 |       0 |    1025 |   0.0 |       0 |      21 |   0.0 |   801
           D:7 |       0 |     719 |   0.0 |       0 |      20 |   0.0 |   801
           D:8 |       0 |    1964 |   0.0 |       0 |      35 |   0.0 |   753
           D:9 |       0 |    2200 |   0.0 |       0 |      29 |   0.0 |  1028
          D:10 |       0 |    2951 |   0.0 |       0 |      25 |   0.0 |   712
          D:11 |       0 |    4671 |   0.0 |       0 |      39 |   0.0 |  1085
          D:12 |       0 |   11175 |   0.0 |       0 |      50 |   0.0 |  1205
          D:13 |       0 |    9558 |   0.0 |       0 |      34 |   0.0 |   929
          D:14 |       0 |    5718 |   0.0 |       0 |      21 |   0.0 |   871
          D:15 |       0 |   12705 |   0.0 |       0 |      26 |   0.0 |   721
        Lair:1 |       0 |     929 |   0.0 |       0 |       5 |   0.0 |   313
        Lair:2 |       0 |    6181 |   0.0 |       0 |      20 |   0.0 |   526
        Lair:3 |       0 |    4632 |   0.0 |       0 |      21 |   0.0 |   343
        Lair:4 |       0 |    4898 |   0.0 |       0 |      25 |   0.0 |   414
        Lair:5 |       0 |    2442 |   0.0 |       0 |       9 |   0.0 |   208
         Orc:1 |       0 |    4697 |   0.0 |       0 |      47 |   0.0 |   649
         Orc:2 |       0 |   21212 |   0.0 |       0 |      99 |   0.0 |  1655
         Sewer |       0 |     169 |   0.0 |       0 |      36 |   0.0 |   979
               +---------+---------+-------+---------+---------+-------+---------
